 Dungeon Crawl Stone Soup version 0.26-a0-812-g31a745ddcd (webtiles) character file.

Game seed: 12421599955923055634

16 kae the Chiller (level 2, -7/21 HPs)
             Began as a Merfolk Ice Elementalist on Dec 10, 2020.
             Mangled by a worm (11 damage)
             ... on level 2 of the Dungeon.
             The game lasted 00:01:03 (893 turns).

kae the Chiller (Merfolk Ice Elementalist)           Turns: 893, Time: 00:01:04

Health: -7/21      AC:  2    Str:  8    XL:     2   Next: 58%
Magic:  1/5        EV: 13    Int: 14    God:
Gold:   120        SH:  0    Dex: 14    Spells: 4/5 levels left

rFire    . . .     SeeInvis .   (no weapon)
rCold    . . .     Faith    .   (no shield)
rNeg     . . .     Spirit   .   a - +0 robe
rPois    .         Reflect  .   (no helmet)
rElec    .         Harm     .   (no cloak)
rCorr    .         Rampage  .   (no gloves)
MR       .....                  (no boots)
Stlth    ++........             (no amulet)
HPRegen  0.07/turn              (no ring)
MPRegen  0.09/turn              (no ring)

@: no status effects
A: change form in water, swift swim, stealthy swim
a: no special abilities


You were on level 2 of the Dungeon.
You visited 1 branch of the dungeon, and saw 2 of its levels.

You collected 120 gold pieces.

Inventory:

Armour
 a - a +0 robe (worn)
Scrolls
 b - 3 scrolls of identify
 d - a scroll of enchant armour {unknown}
 f - a scroll of magic mapping {unknown}
Potions
 c - a potion of resistance


   Skills:
 + Level 1.0 Fighting
 + Level 3.1 Dodging
 - Level 2.1 Stealth
 + Level 2.2 Spellcasting
 + Level 4.5 Ice Magic


You had 4 spell levels left.
You knew the following spells:

 Your Spells              Type           Power        Failure   Level
a - Freeze                Ice            ##..         3%          1

Your spell library contained the following spells:

 Spells                   Type           Power        Failure   Level
 Frozen Ramparts          Ice            ##....       11%         3
 Ozocubu's Armour         Ice            ##......     11%         3
 Hailstorm                Conj/Ice       #.......     65%         4
 Summon Ice Beast         Ice/Summ       #.......     65%         4


Dungeon Overview and Level Annotations

Branches:
Dungeon (2/15)

Altars:


Message History

Confirm with . or Enter, or press ? or * to list all spells.
Aiming: Freeze (safe; 3% risk of failure)
Press: ? - help, Shift-Dir - straight line, f - jackal
Aim: a jackal You freeze the jackal.
The jackal is almost dead.
The jackal closely misses you.
Casting: Freeze (safe; 3% risk of failure)
Confirm with . or Enter, or press ? or * to list all spells.
Aiming: Freeze (safe; 3% risk of failure)
Press: ? - help, Shift-Dir - straight line, f/p - jackal
Aim: a jackal (almost dead)
You freeze the jackal.
You kill the jackal!
Your Fighting skill increases to level 1!
You see here a jackal corpse.
The worm barely misses you. The worm bites you!
Ouch! That really hurt!
You die...

.........#..............##
.....<......^.####..??...####
..................####......#####
.................§.†.#...........
...#........##..####.....$#......
...#.######.###.## #..(..........
.....# #...#..# ###...........
###h##.## #..........$ #w.#@w##
#####....... #.#...# #.......
#...†.# ##.$.... ##....# ##.....
##...# ###### #...# #...# #...#
#####


You could see a worm.

Vanquished Creatures
  2 bats
  2 giant cockroaches (D:1)
  2 hobgoblins
  3 jackals (D:2)
  3 kobolds
  A frilled lizard (D:2)
  A rat (D:1)
14 creatures vanquished.

Notes
Turn   | Place    | Note
-------+----------+-------------------------------------------
     0 | D:1      | kae the Merfolk Ice Elementalist began the quest for the
                  | Orb.
     0 | D:1      | Reached XP level 1. HP: 13/13 MP: 3/3
   394 | D:1      | Reached XP level 2. HP: 18/20 MP: 1/5
   884 | D:2      | Reached skill level 1 in Fighting
   893 | D:2      | Mangled by a worm

Illustrated notes

Levels and vault maps discovered:
D:1:      ncdulo_smallfort, layout_basic
D:2:      layout_rooms, chequers_ecumenical_altar_twisty

Skill      XL: |  1  2 |
---------------+-------+-----
Dodging        | 3 |  3.1
Fighting       | 1 |  1.0
Stealth        | |  2.1
Spellcasting   | |  2.2
Ice Magic      | |  4.5

Action                   || total
-------------------------++-------
Melee: Unarmed           ||    26
 Cast: Freeze            ||    24
  Use: Scroll            ||     2
       Potion            ||     2
 Stab: Sleeping          ||     1
Armor: Robe              ||     6
Dodge: Dodged            ||    51

Table legend: (Time is in decaauts)
 A = Elapsed time spent in this place.
 B = Non-inter-level travel time spent in this place.
 C = Inter-level travel time spent in this place.
 D = Time resting spent in this place.
 E = Time spent auto-exploring this place.
 F = Levels seen in this place.
 G = Mean time per level.
                   A        B        C        D        E       F      G
               +--------+--------+--------+--------+--------+-----+--------+
         Total |    892 |    872 |     20 |      0 |    724 |   2 |  446.0 |
       Dungeon |    892 |    872 |     20 |      0 |    724 |   2 |  446.0 |
               +--------+--------+--------+--------+--------+-----+--------+

Top non-repeatable levels by time:
     D:1: 705 daAuts
     D:2: 187 daAuts
